 Dungeon Crawl Stone Soup version 0.31-a0-1620-gcbf77bbcfc (webtiles) character file.

Game seed: 2210664098702387890

108 Laraso the Magician (level 4, -17/33 HPs)
             Began as a Draconian Fire Elementalist on Jan 12, 2024.
             Demolished by an orc
             ... wielding a +1 hand axe of electrocution
              (18 damage)
             ... on level 3 of the Dungeon.
             The game lasted 00:02:40 (2987 turns).

Laraso the Magician (Draconian Fire Elementalist)   Turns: 2987, Time: 00:02:41

Health: -17/33     AC:  5    Str: 10    XL:     4   Next: 58%
Magic:  1/10       EV: 12    Int: 17    God:
Gold:   101        SH:  0    Dex: 12    Spells: 9/12 levels left

rFire   . . .        h - +1 flail (holy)
rCold   . . .        (no shield)
rNeg    . . .        (body armour unavailable)
rPois   .            (helmet restricted)
rElec   .            (no cloak)
rCorr   .            (no gloves)
SInv    .            (no boots)
Will    .....        (no amulet)
Stlth   ++           (no ring)
HPRegen 0.25/turn    (no ring)
MPRegen 0.12/turn

%: no passive effects
@: no status effects
A: AC +5, unfitting armour, cold-blooded
a: no special abilities


You were on level 3 of the Dungeon.
You visited 1 branch of the dungeon, and saw 3 of its levels.

You collected 101 gold pieces.

Inventory:

Hand Weapons
 h - a +1 flail of holy wrath (weapon)
Scrolls
 c - a scroll of identify
 e - a scroll of enchant armour
Potions
 a - a potion of magic
 b - a potion of attraction {unknown}
 d - a potion of mutation {unknown}
 f - a potion of haste {unknown}
 g - a potion of enlightenment {unknown}
 i - a potion of invisibility {unknown}
 l - a potion of heal wounds {unknown}


   Skills:
 - Level 1.7 Dodging
 - Level 1.7 Stealth
 * Level 4.5 Spellcasting
 - Level 1.0 Conjurations
 - Level 3.0 Fire Magic


You had 9 spell levels left.
You knew the following spells:

 Your Spells              Type           Power      Damage    Failure   Level
a - Foxfire               Conj/Fire      40%        2x1d6     7%          1
b - Scorch                Fire           28%        2d6       7%          2

Your spell library contained the following spells:

 Spells                   Type           Power      Damage    Failure   Level
 Cigotuvi's Dreadful Rot  Necr/Alch/Air  6%         N/A       22%         2
 Ensorcelled Hibernation  Hex/Ice        6%         N/A       22%         2
 Inner Flame              Hex/Fire       8%         N/A       24%         3
 Volatile Blastmotes      Fire/Tloc      16%        2d11      24%         3
 Fugue of the Fallen      Necr           3%         N/A       41%         3
 Flame Wave               Conj/Fire      10%        2d6       54%         4
 Ignite Poison            Fire/Alch      8%         N/A       63%         4
 Anguish                  Hex/Necr       1%         N/A       83%         4
 Freezing Cloud           Conj/Ice/Air   2%         6-21      98%         5


Dungeon Overview and Level Annotations

Branches:
Dungeon (3/15)

Altars:
Ru


Innate Abilities, Weirdness & Mutations

Your plain brown scales are hard. (AC +5)
You cannot fit into any form of body armour.
You are cold-blooded and may be slowed by cold attacks.


Message History

The orc closely misses you.
Casting: Scorch (safe; 7% risk of failure)
Confirm with . or Enter, or press ? or * to list all spells.
You conjure some foxfire!
The foxfire hits the endoplasm.
The endoplasm is burned terribly!
You kill the endoplasm!
The orc closely misses you.
Casting: Foxfire (safe; 7% risk of failure)
Confirm with . or Enter, or press ? or * to list all spells.
You conjure some foxfire!
The foxfire hits the orc.
The orc is moderately wounded.
The orc hits you with a +1 hand axe of electrocution.
The orc hits your foxfire with a +1 hand axe of electrocution.
Casting: Foxfire (safe; 7% risk of failure)
Confirm with . or Enter, or press ? or * to list all spells.
You conjure some foxfire!
The foxfire hits the orc.
The orc is almost dead.
The orc barely misses you. The orc closely misses your foxfire.
You don't have enough magic to cast this spell.
You hit the orc.
The orc is heavily wounded.
The foxfire hits the orc.
You kill the orc!
The foxfire hits the orc but does no damage.
The orc is heavily wounded.
The foxfire hits the orc but does no damage.
The orc is heavily wounded.
The orc hits you with a +1 hand axe of electrocution.
You are electrocuted!
* * * LOW HITPOINT WARNING * * *
You hit the orc but do no damage.
The orc is heavily wounded.
The orc closely misses you.
You are too injured to fight recklessly!
Casting: Foxfire (safe; 7% risk of failure)
Confirm with . or Enter, or press ? or * to list all spells.
You conjure some foxfire!
The orc hits you but does no damage.
You are electrocuted!!
Ouch! That really hurt!
You die...

..# ..
..###.#
##..... #
.....##.#
##.......#
#........#
#..).....#
#)o#..#..#
#.@#.##
#vv#.##.. ##.
#####........
#..
#.....##.####
#.# #.###.#
.# #.#
#.###.##.#
#.#
#.#......#
#.#
#.#.#.#######
#.#
#.#.#.#.....#
##


You could see an orc (ally target).

Vanquished Creatures
  An orc wizard (D:2)
  3 adders
  A dart slug (D:1)
  A ribbon worm (D:2)
  7 orcs (D:3)
  3 ball pythons (D:1)
  6 bats
  4 endoplasms
  A giant cockroach (D:2)
  2 hobgoblins
  3 quokkas
  5 frilled lizards
  2 goblins
  3 kobolds (D:1)
  4 rats
46 creatures vanquished.

Vanquished Creatures (others)
  71 foxfires
71 creatures vanquished.

Grand Total: 117 creatures vanquished

Notes
Turn   | Place    | Note
-------+----------+-------------------------------------------
     0 | D:1      | Laraso the Draconian Fire Elementalist began the quest for
                  | the Orb.
     0 | D:1      | Reached XP level 1. HP: 14/14 MP: 3/3
   177 | D:1      | Reached XP level 2. HP: 20/20 MP: 3/5
   607 | D:1      | Reached skill level 3 in Spellcasting
   725 | D:1      | Learned a level 2 spell: Scorch
  1463 | D:2      | Found a sacrificial altar of Ru.
  1507 | D:2      | Reached XP level 3. HP: 26/26 MP: 2/7
  1765 | D:2      | Found a faded altar of an unknown god.
  2402 | D:2      | Reached skill level 4 in Spellcasting
  2402 | D:2      | Reached XP level 4. HP: 24/33 MP: 0/10
  2985 | D:3      | HP: 1/33 [orc/+1 hand axe of electrocution (14)]
  2987 | D:3      | Demolished by an orc

Illustrated notes

Levels and vault maps discovered:
D:1:      orjb1_lava_funnel, layout_basic
D:2:      layout_basic, hellmonk_ecumenical_altar_heavens_door, basic_altar,
          hangedman_decor_riveting, minmay_misc_feat_chi,
          minmay_tree_intersection
D:3:      minmay_chambers_of_threes, layout_loops_cross

Skill      XL: |  1  2  3 |
---------------+----------+-----
Spellcasting   | 3 4 |  4.5
Dodging        | |  1.7
Stealth        | |  1.7
Conjurations   | |  1.0
Fire Magic     | |  3.0

Action                     |  1- 3 |  4- 6 || total
---------------------------+-------+-------++-------
  Melee: Mace              |    10 |     1 ||    11
         Punch             |     1 |       ||     1
         Flail             |       |     2 ||     2
   Cast: Foxfire           |    36 |     4 ||    40
         Scorch            |    22 |    17 ||    39
    Use: Scroll            |     6 |       ||     6
 Armour: Skin              |    18 |    10 ||    28
  Dodge: Dodged            |    10 |    10 ||    20

Table legend: (Time is in decaauts)
 A = Elapsed time spent in this place.
 B = Non-inter-level travel time spent in this place.
 C = Inter-level travel time spent in this place.
 D = Time resting spent in this place.
 E = Time spent auto-exploring this place.
 F = Levels seen in this place.
 G = Mean time per level.
                   A        B        C        D        E       F      G
               +--------+--------+--------+--------+--------+-----+--------+
         Total |   2994 |   2951 |     43 |    292 |   2328 |   3 |  998.0 |
       Dungeon |   2994 |   2951 |     43 |    292 |   2328 |   3 |  998.0 |
               +--------+--------+--------+--------+--------+-----+--------+

Top non-repeatable levels by time:
     D:2: 1358 daAuts
     D:1: 1205 daAuts
     D:3: 429 daAuts
